 Dungeon Crawl Stone Soup version 0.19.0-24-gb05acd6 (webtiles) character file.

100 smedtjen the Firebug (level 4, 0/27 HPs)
             Began as a High Elf Fire Elementalist on Nov 20, 2016.
             Was an Initiate of Qazlal.
             Slain by a gnoll
             ... wielding a +1 spear of flaming
              (3 damage)
             ... on level 4 of the Dungeon.
             The game lasted 00:12:53 (2803 turns).

smedtjen the Firebug (High Elf Fire Elementalist)   Turns: 2803, Time: 00:12:55

Health: 0/27       AC:  4    Str:  7    XL:     4   Next: 46%
Magic:  0/10       EV: 12    Int: 20    God:    Qazlal [......]
Gold:   144        SH:  0    Dex: 15    Spells: 2 memorised, 6 levels left

rFire  x . .     SeeInvis .     p - +0 dagger
rCold  + . .     Gourm    .     n - +0 leather armour
rNeg   . . .     Faith    .     (no shield)
rPois  .         Spirit   .     (no helmet)
rElec  .         Reflect  .     (no cloak)
rCorr  .         Harm     .     k - +0 pair of gloves
MR     .....                    (no boots)
Stlth  +++.......               (no amulet)
                                t - ring of ice
                                e - ring of stealth

@: very slightly contaminated
A: no striking features
a: Renounce Religion


You were on level 4 of the Dungeon.
You worshipped Qazlal.
Qazlal was noncommittal.
You were not hungry.

You visited 1 branch of the dungeon, and saw 4 of its levels.

You collected 144 gold pieces.

Inventory:

Hand Weapons
 j - a +0 short sword
 l - a +0 spear
 p - a +0 dagger (weapon)
Missiles
 i - 90 stones (quivered)
 q - 19 arrows
Armour
 a - a +0 robe
 k - a +0 pair of gloves (worn)
 n - a +0 leather armour (worn)
Jewellery
 e - a ring of stealth (left hand)
 t - a ring of ice (right hand)
Scrolls
 f - a scroll of teleportation
 g - a scroll of recharging
 h - 2 scrolls of identify
 u - a scroll of noise {unknown}
 x - a scroll of remove curse {unknown}
 y - a scroll of amnesia {unknown}
Potions
 d - a potion of flight {unknown}
 m - a potion of might {unknown}
 o - a potion of curing {unknown}
 s - 2 potions of heal wounds {unknown}
 w - a potion of resistance {unknown}
Books
 b - a book of Flames

   Spells                             Type                      Level
   a - Flame Tongue                   Conjuration/Fire             1
   b - Throw Flame                    Conjuration/Fire             2
   c - Conjure Flame                  Conjuration/Fire             3
   d - Inner Flame                    Hexes/Fire                   3
   e - Sticky Flame                   Conjuration/Fire             4
   f - Fireball                       Conjuration/Fire             5
Comestibles
 c - 2 bread rations
 r - a slice of pizza
 v - a meat ration
 z - a chunk of flesh


   Skills:
 + Level 1.3 Armour
 + Level 2.5 Dodging
 + Level 2.6 Stealth
 + Level 3.4 Spellcasting
 + Level 1.9 Conjurations
 + Level 3.7 Fire Magic


You had 6 spell levels left.
You knew the following spells:

 Your Spells              Type           Power        Failure   Level  Hunger
a - Flame Tongue          Conj/Fire      ##...        8%          1    None
b - Throw Flame           Conj/Fire      ##....       12%         2    ##.....


Dungeon Overview and Level Annotations

Branches:
Dungeon (4/15)
 Temple: D:4-7

Altars:
Elyvilon
Qazlal
Yredelemnul

Annotations:
D:3 patrickswayze's ghost, amateur DECK


Message History

Casting: Flame Tongue
Confirm with . or Enter, or press ? or * to list all spells.
Aiming: Flame Tongue
Press: ? - help, Shift-Dir - straight line, f/p - hound
Aim: a hound (lightly wounded)
The flame tongue hits the hound.
The hound is severely wounded.
The hound bites you. The gnoll barely misses you.
Casting: Flame Tongue
Confirm with . or Enter, or press ? or * to list all spells.
Aiming: Flame Tongue
Press: ? - help, Shift-Dir - straight line, f/p - hound
Aim: a hound (severely wounded)
The flame tongue hits the hound.
You kill the hound!
Qazlal accepts your kill.
The gnoll hits you from afar with a spear of flaming!
* * * LOW HITPOINT WARNING * * *
The gnoll burns you.
You die...

##.#.#......
#........#
####.#...#
#.#...#######
#...........#
####.##..####
#.....#
####.P#+#+#
#..@†...#
#..P#g..#
......# ..#
####...# ##
#.### #. #.
#.


You could see a gnoll.

Vanquished Creatures
  2 hounds (D:4)
  2 dart slugs (D:1)
  3 leopard geckos
  An orc (D:3)
  A ball python (D:1)
  3 giant cockroaches (D:2)
  2 goblins (D:2)
  3 hobgoblins
  2 quokkas (D:2)
  2 bats
  3 frilled lizards
  6 kobolds
  6 rats
36 creatures vanquished.

Notes
Turn   | Place    | Note
-------+----------+-------------------------------------------
     0 | D:1      | smedtjen the High Elf Fire Elementalist began the quest for the Orb.
     0 | D:1      | Reached XP level 1. HP: 11/11 MP: 4/4
   397 | D:1      | Reached XP level 2. HP: 17/17 MP: 4/6
   401 | D:1      | Learned a level 2 spell: Throw Flame
  1206 | D:2      | You fall through a shaft!
  1298 | D:2      | Found a stormy altar of Qazlal.
  1320 | D:2      | Became a worshipper of Qazlal Stormbringer
  1494 | D:2      | Found a white marble altar of Elyvilon.
  1654 | D:2      | Reached XP level 3. HP: 21/21 MP: 5/8
  1983 | D:2      | Found a basalt altar of Yredelemnul.
  2502 | D:3      | Found a stormy altar of Qazlal.
  2759 | D:3      | Noticed patrickswayze's ghost (amateur DECK)
  2801 | D:4      | Reached skill level 1 in Armour
  2801 | D:4      | Reached XP level 4. HP: 14/27 MP: 2/9
  2803 | D:4      | Slain by a gnoll

Skill      XL: |  1  2  3 |
---------------+----------+-----
Spellcasting   | 3 |  3.4
Armour         | 1 |  1.3
Dodging        | |  2.5
Stealth        | |  2.6
Conjurations   | |  1.9
Fire Magic     | |  3.7

Action                   |  1- 3 |  4- 6 || total
-------------------------+-------+-------++-------
Melee: Unarmed           |     4 |       ||     4
       Dagger            |     9 |       ||     9
 Cast: Flame Tongue      |    44 |     3 ||    47
       Throw Flame       |    16 |       ||    16
  Use: Scroll            |     2 |       ||     2
  Eat: Fruit             |     5 |       ||     5
       Beef jerky        |     1 |       ||     1
       Chunk             |     1 |       ||     1
Armor: Robe              |     2 |       ||     2
       Leather armour    |     5 |       ||     5
Dodge: Dodged            |    20 |     3 ||    23
